[Event "*** SCC Grand Prix: Titled Tuesday Blitz"]
[Site "Chess.com"]
[Date "2020.07.21"]
[Round "6"]
[White "ENajer77"]
[Black "KuzubovYuriy"]
[Result "0-1"]
[WhiteElo "2691"]
[BlackElo "2835"]
[TimeControl "180+1"]
[EndTime "11:06:55 PDT"]
[Termination "KuzubovYuriy won on time"]

1. e4 c5 2. Nf3 Nc6 3. Bb5 e6 4.
O-O Nge7 5. Re1 a6 6. Bf1 e5 7. c3 d6 8. d4 cxd4 9. cxd4 Bg4 10. d5 Nd4 11. Nbd2 Rc8 12. Bd3 Ng6 13. h3 Nf4 14. hxg4 Nxd3 15. Nxd4 Nxe1 16. Qxe1 exd4 17.
Nf3 Be7 18. Nxd4 Bf6 19. Nf5 g6 20. Nh6 Rxc1 21. Rxc1 Bg5 22. Qc3 Rf8 23. e5 Bxc1 24.
Qxc1 dxe5 25. Qc5 f6 26. d6 Kd7 27. Qd5 Qb6 28. Ng8 Qxd6 29. Qxb7+ Ke6 30. Qxh7 Qd1+ 31. Kh2 Qd8 0-1

[Event "*** SCC Grand Prix: Titled Tuesday Blitz"]
[Site "Chess.com"]
[Date "2020.07.21"]
[Round "6"]
[White "Witik"]
[Black "KingCrusher275"]
[Result "1-0"]
[WhiteElo "2604"]
[BlackElo "2396"]
[TimeControl "180+1"]
[EndTime "11:06:55 PDT"]
[Termination "Witik won by resignation"]

1. d4 d5 2. Bf4 Nf6 3. e3 c5 4. c3 Nc6 5. Nd2 cxd4 6. exd4 Bf5 7. Ngf3 e6 8. Nh4 Be4 9. Qb3 Qc8 10. f3 Bg6 11. g4 Be7 12. Nxg6 hxg6 13. Bd3 Qd7 14. O-O-O O-O-O 15. Qa4 Bd6 16. Be3 Rxh2 17. Rxh2 Bxh2 18.
Nb3 Bd6 19. Kb1 Kb8 20. Nc5 Bxc5 21. dxc5 Ne5 22. Bb5 Nc6 23. Bf4+ Ka8 24. c4 Rh8 25. a3 Rh3 26. Be5 Rxf3 27. g5 Nh5 28. cxd5 exd5 29. Ka1 a6 30. Bd6 Rf5 31. Re1 f6 32. Bxc6 Qxc6 33.
Re8+ Ka7 34. Bb8+ Ka8 35. Bc7+ Ka7 36. Bb6+ Qxb6 37. cxb6+ Kxb6 38. Qb4+ Ka7 39. Re7 1-0

[Event "*** SCC Grand Prix: Titled Tuesday Blitz"]
[Site "Chess.com"]
[Date "2020.07.21"]
[Round "6"]
[White "BJthechessgod"]
[Black "MisiekZielony"]
[Result "0-1"]
[WhiteElo "2309"]
[BlackElo "2252"]
[TimeControl "180+1"]
[EndTime "11:06:55 PDT"]
[Termination "MisiekZielony won by resignation"]

1. e4 Nf6 2. e5 Nd5 3. d4 d6 4.
Nf3 Bg4 5. Be2 e6 6. O-O Be7 7. c4 Nb6 8. Nc3 O-O 9. h3 Bh5 10. b3 a6 11. Be3 d5 12. c5 N6d7 13. g4 Bg6 14. Nd2 f5 15. f4 Nc6 16. g5 Nxc5 17.
dxc5 d4 18. Bc4 dxe3 19. Bxe6+ Kh8 20. Nc4 Qxd1 21. Raxd1 Bxc5 22. Kg2 Bh5 23. Rd7 e2 24. Re1 Bb4 25. Rd3 Rad8 26. Bd5 Bxc3 27. Rxc3 Rxd5 28.
Ne3 Rd2 29. Kf2 Rfd8 30. Nxf5 Rd1 31. Re3 Rxe1 32. Kxe1 Rd1+ 33. Kf2 Rf1+ 34. Kg2 e1=Q 35. Rxe1 Rxe1 36. Ng3 Bf7 37. Kf3 g6 38. Kf2 Ra1 39.
Ke3 Rxa2 40. h4 Rb2 41. h5 Rxb3+ 42. Kf2 Rxg3 43. Kxg3 Nd4 44. h6 Be6 45. Kf2 a5 46. Ke3 Nf5+ 47. Kd3 a4 48. Kc3 c5 49. Kb2 b5 50. Ka3 Kg8 51. Kb2 b4 52. Ka1 a3 53.
Kb1 b3 54. Ka1 Bd5 55. Kb1 Be4+ 56. Ka1 b2+ 57. Ka2 b1=Q+ 58. Kxa3 Qb4+ 59. Ka2 0-1

[Event "*** SCC Grand Prix: Titled Tuesday Blitz"]
[Site "Chess.com"]
[Date "2020.07.21"]
[Round "6"]
[White "Angel_Hranitel_37"]
[Black "FMOlexandrProhorov"]
[Result "1-0"]
[WhiteElo "2379"]
[BlackElo "2128"]
[TimeControl "180+1"]
[EndTime "11:06:57 PDT"]
[Termination "Angel_Hranitel_37 won by resignation"]

1. d4 g6 2. Nf3 Bg7 3. g3 f5 4. Bg2 Nf6 5. O-O O-O 6. c4 d6 7.
Nc3 Qe8 8. Re1 e5 9. e4 f4 10.
dxe5 dxe5 11. Nd5 Nxd5 12. exd5 Bg4 13. h3 Bxf3 14. Qxf3 Nd7 15. gxf4 Qf7 16. d6 exf4 17. Re7 Qf5 18. Qd5+ Kh8 19. Qxf5 Rxf5 20. Rxd7 f3 21. Bf1 cxd6 22. Rxd6 Re8 23. Be3 Bxb2 24. Rb1 Be5 25. Rd7 b6 26. Rxa7 g5 27. Bd3 Rf6 28.
Rxh7+ Kg8 29. Rb7 g4 30. hxg4 Bf4 31. Bxf4 Rxf4 32. Bf5 Rxc4 33. R1xb6 Rc1+ 34. Kh2 Ree1 35. Kg3 Rg1+ 36. Kxf3 Rc3+ 37. Kf4 Rc4+ 38. Kg5 Rd1 39.
Rb8+ Kf7 40. R6b7+ 1-0

[Event "*** SCC Grand Prix: Titled Tuesday Blitz"]
[Site "Chess.com"]
[Date "2020.07.21"]
[Round "6"]
[White "Gabix_94"]
[Black "FabianoCaruana"]
[Result "0-1"]
[WhiteElo "2890"]
[BlackElo "3057"]
[TimeControl "180+1"]
[EndTime "11:06:58 PDT"]
[Termination "FabianoCaruana won by resignation"]

1. d4 Nf6 2. Nf3 d6 3. g3 g6 4. Bg2 Bg7 5. c4 O-O 6. Nc3 c6 7. O-O Bf5 8. Ne1 e5 9. d5 cxd5 10. cxd5 a5 11. e4 Bd7 12. a4 Na6 13. Nd3 Nb4 14.
h3 Qc8 15. Kh2 Qc4 16. Ne1 Rac8 17. f3 Nh5 18. Rf2 f5 19. Bf1 Qd4 20. Rd2 Qb6 21. exf5 gxf5 22. f4 Nf6 23. Re2 e4 24. Be3 Qd8 25.
Rc1 Qe8 26. Rg2 Qf7 27. Rd2 Kh8 28. Bb6 Nbxd5 29. Nxd5 Rxc1 30. Qxc1 Nxd5 31. Bd4 Rc8 32. Qa1 Bxd4 33. Rxd4 Ne3 34. Ng2 Nc2 35. Qd1 Nxd4 36.
Qxd4+ Qg7 37. Qxd6 Rg8 38. Qa3 Bc6 39. Bc4 Rd8 40. Qc5 e3 41. Nxe3 Qxb2+ 42. Kg1 Qa1+ 43. Nf1 Qd4+ 44. Qxd4+ Rxd4 45. Ne3 Bxa4 46. Be6 Re4 0-1

[Event "*** SCC Grand Prix: Titled Tuesday Blitz"]
[Site "Chess.com"]
[Date "2020.07.21"]
[Round "6"]
[White "Mikasinski"]
[Black "Roman_Ovetchkin"]
[Result "1-0"]
[WhiteElo "2437"]
[BlackElo "2589"]
[TimeControl "180+1"]
[EndTime "11:06:58 PDT"]
[Termination "Mikasinski won on time"]

1. e4 c6 2. d4 d5 3. e5 Bf5 4.
h4 Qb6 5. Nc3 h5 6. Nge2 e6 7.
Ng3 Bg6 8. Be2 c5 9. dxc5 Bxc5 10. O-O Qc7 11. Bxh5 Qxe5 12. Na4 Qxg3 13. Nxc5 Qxh4 14.
Nxe6 fxe6 15. Bxg6+ Kd7 16. f3 Ne7 17. Bd3 Qd4+ 18.
Rf2 Rh1+ 19. Kxh1 Qxf2 20. Qg1 Qh4+ 21. Qh2 Qf6 22. c3 Nbc6 23. Kg1 g5 24. Qg3 Rg8 25. Be3 Nf5 26. Bxf5 Qxf5 27. Rd1 g4 28. c4 Qc2 29.
Rc1 Qd3 30. Bf2 1-0

[Event "*** SCC Grand Prix: Titled Tuesday Blitz"]
[Site "Chess.com"]
[Date "2020.07.21"]
[Round "6"]
[White "Dr-Bassem"]
[Black "Ginger_GM"]
[Result "1-0"]
[WhiteElo "2830"]
[BlackElo "2584"]
[TimeControl "180+1"]
[EndTime "11:06:59 PDT"]
[Termination "Dr-Bassem won on time"]

1. e4 c5 2. Nf3 d6 3. g3 Nc6 4. Bg2 g6 5. O-O Bg7 6. c3 e5 7. a3 Nge7 8. d3 O-O 9. b4 h6 10. Nbd2 f5 11. Qb3+ Kh7 12. Bb2 f4 13. d4 g5 14. d5 Nb8 15. bxc5 dxc5 16. c4 Ng6 17. Ne1 h5 18. f3 fxg3 19. hxg3 h4 20. g4 Nf4 21. Nd3 Qd6 22. Nxf4 Rxf4 23. Nb1 Nd7 24. Nc3 a6 25. Ne2 Rf7 26. Bc1 Bh6 27. a4 Nf8 28. Rb1 Rf6 29. Be3 Rb8 30. a5 Ng6 31. Qb6 Qe7 32. Qxc5 Qf7 33. Qa7 h3 34. Bxh3 Rxf3 35. Qxb8 Nh4 36. Qxc8 1-0

[Event "*** SCC Grand Prix: Titled Tuesday Blitz"]
[Site "Chess.com"]
[Date "2020.07.21"]
[Round "6"]
[White "Ausbildung"]
[Black "antoszu"]
[Result "0-1"]
[WhiteElo "2251"]
[BlackElo "2540"]
[TimeControl "180+1"]
[EndTime "11:07:00 PDT"]
[Termination "antoszu won by resignation"]

1. e4 c5 2. c4 Nc6 3. Nc3 g6 4. d3 Bg7 5. Nge2 e6 6. g3 Nge7 7. h4 h5 8. Bg5 d6 9. Bg2 Nd4 10.
Nxd4 cxd4 11. Ne2 Qb6 12. Rb1 Nc6 13. a3 O-O 14. b4 a5 15. b5 Ne5 16. O-O Kh7 17.
a4 Qc5 18. Qd2 Ng4 19. Qc2 b6 20. Bc1 Bb7 21. Rb3 Rfc8 22. Bb2 e5 23. Ba3 Qc7 24. Bh3 Rf8 25. Rbb1 f5 26. Bg2 f4 27. gxf4 exf4 28.
Bh3 Qe7 29. Bxg4 hxg4 30. Bc1 Be5 31. f3 Qxh4 32. Kg2 gxf3+ 33. Kxf3 Bc8 34. Rg1 Qh3+ 35. Kf2 f3 36. Ng3 Qh2+ 37. Kf1 Qxc2 0-1

[Event "*** SCC Grand Prix: Titled Tuesday Blitz"]
[Site "Chess.com"]
[Date "2020.07.21"]
[Round "6"]
[White "AnthonyWirig"]
[Black "Antipov_Mikhail_Al"]
[Result "0-1"]
[WhiteElo "2707"]
[BlackElo "2856"]
[TimeControl "180+1"]
[EndTime "11:07:01 PDT"]
[Termination "Antipov_Mikhail_Al won on time"]

1. c4 g6 2. g3 c6 3. Bg2 d5 4.
cxd5 cxd5 5. d4 Bg7 6. Nf3 Nf6 7.
O-O O-O 8. Ne5 Nfd7 9. Nf3 Nf6 10. Ne5 Nfd7 11. Nf3 Nc6 12. Nc3 e6 13. e3 b6 14. b3 Ba6 15. Re1 Rc8 16. Ba3 Re8 17. Rc1 Bf8 18. Bxf8 Rxf8 19. Bf1 Bxf1 20. Rxf1 Qe7 21.
Qd2 a6 22. h4 Nf6 23. Kg2 b5 24. Ne2 Qa3 25. Nc3 Rc7 26. Nb1 Qd6 27. Qb2 Rfc8 28.
Rc2 Nb4 29. Rxc7 Rxc7 30. Nc3 Ne4 31. Nxe4 dxe4 32. Ne5 f6 33. Ng4 Kg7 34. Rh1 h5 35. Nh2 Rc2 36. Qb1 Qc7 37. a3 Nd3 38. Rf1 Qc3 39. Qd1 f5 0-1

[Event "*** SCC Grand Prix: Titled Tuesday Blitz"]
[Site "Chess.com"]
[Date "2020.07.21"]
[Round "6"]
[White "ulises2013"]
[Black "djano"]
[Result "1-0"]
[WhiteElo "2633"]
[BlackElo "2457"]
[TimeControl "180+1"]
[EndTime "11:07:01 PDT"]
[Termination "ulises2013 won by resignation"]

1. d4 d5 2. c4 c6 3. Nf3 Nf6 4. e3 a6 5. b3 Bg4 6. Bb2 e6 7. Nbd2 Nbd7 8. Bd3 Bd6 9. O-O Qe7 10. Rc1 O-O 11.
e4 dxe4 12. Nxe4 Nxe4 13. Bxe4 f5 14. Bd3 Rae8 15. Re1 Bf4 16. Rb1 Qd6 17. h3 Bh5 18. Be2 Qc7 19. a4 Bd6 20. Qc2 Nf6 21. Rbd1 Ne4 22.
c5 Bf4 23. Bc1 Rd8 24. Bc4 Bxf3 25. gxf3 Ng5 26. Kg2 Rf6 27. h4 Nf7 28. Rxe6 Bxc1 29.
Qxc1 Rg6+ 30. Rxg6 hxg6 31. Qg5 Rd7 32. Qxg6 Qf4 33. Re1 Kf8 34. Bxf7 Rxf7 35. Qe6 Kg8 36. Qg6 Qxd4 37. Re8+ Rf8 38. Qe6+ Kh7 39. Rxf8 1-0

[Event "*** SCC Grand Prix: Titled Tuesday Blitz"]
[Site "Chess.com"]
[Date "2020.07.21"]
[Round "6"]
[White "Richarzard69"]
[Black "boo786"]
[Result "1/2-1/2"]
[WhiteElo "2223"]
[BlackElo "2391"]
[TimeControl "180+1"]
[EndTime "11:07:01 PDT"]
[Termination "Game drawn by repetition"]

1. Nf3 Nf6 2. c4 c5 3. Nc3 b6 4.
g3 Bb7 5. Bg2 g6 6. O-O Bg7 7.
b3 O-O 8. Bb2 d6 9. Rc1 Nbd7 10.
d4 cxd4 11. Nxd4 Bxg2 12. Kxg2 Qc7 13. e3 Qb7+ 14. Qf3 Qxf3+ 15. Kxf3 Rfc8 16. Ke2 a6 17. f3 e6 18. Rfd1 Bf8 19. e4 Be7 20. Nc2 Rab8 21. Nb4 Nc5 22. Nd3 Kf8 23. Nxc5 bxc5 24. e5 dxe5 25. Ne4 Nxe4 26. fxe4 f6 27. Rd7 Ke8 28.
Rcd1 Rd8 29. Ra7 Rxd1 30. Kxd1 Rb6 31. g4 h5 32. h3 hxg4 33. hxg4 Rc6 34. Ke2 Rb6 35. Ke3 Rc6 36. g5 f5 37. Bxe5 Bxg5+ 38. Kf3 Be7 39. Ra8+ Kf7 40. Ra7 g5 41. Rb7 Ke8 42.
Rb8+ Kf7 43. Rb7 Ke8 44. Rb8+ Kf7 45. Rb7 1/2-1/2

[Event "*** SCC Grand Prix: Titled Tuesday Blitz"]
[Site "Chess.com"]
[Date "2020.07.21"]
[Round "6"]
[White "benko_008"]
[Black "VladimirBugayev"]
[Result "1-0"]
[WhiteElo "2429"]
[BlackElo "2155"]
[TimeControl "180+1"]
[EndTime "11:07:01 PDT"]
[Termination "benko_008 won on time"]

1. d4 d5 2. c4 c6 3. cxd5 cxd5 4. Bf4 Nc6 5. e3 a6 6. Nc3 Nf6 7. Be2 Bf5 8. g4 Be4 9. f3 Bg6 10. h4 h6 11. h5 Bh7 12. Bd3 Bxd3 13. Qxd3 e6 14.
Nge2 Bd6 15. Kf2 Qc7 16. Rac1 Rd8 17. Bxd6 Qxd6 18. Ng3 Kd7 19. Na4 Kc8 20. Nc5 Kb8 21.
Rc3 Nd7 22. Nxa6+ bxa6 23. Qxa6 Kc7 24. Qa7+ Kc8 25. b4 Qc7 26. Qa6+ Kb8 27. Rxc6 Qb7 28. Qa4 Nb6 29. Qb5 Nc4 30. Qxb7+ Kxb7 31. Rc5 Ra8 32. Ra1 Ra3 33. Nf1 Rha8 34. Kg3 Rxa2 35. Rxa2 Rxa2 36.
b5 Rb2 37. Nh2 1-0

[Event "*** SCC Grand Prix: Titled Tuesday Blitz"]
[Site "Chess.com"]
[Date "2020.07.21"]
[Round "6"]
[White "RubensCezila"]
[Black "ManuDavid2910"]
[Result "0-1"]
[WhiteElo "2569"]
[BlackElo "2701"]
[TimeControl "180+1"]
[EndTime "11:07:02 PDT"]
[Termination "ManuDavid2910 won on time"]

1. c4 Nf6 2. Nc3 e6 3. e3 d5 4.
Nf3 c5 5. cxd5 exd5 6. d4 Nc6 7. dxc5 Bxc5 8. Be2 O-O 9. O-O Re8 10. Nb5 Ne4 11. Nbd4 Qf6 12. Nxc6 bxc6 13. Qa4 Bb6 14. Bd3 Bg4 15.
Nd4 Bd7 16. Qc2 c5 17. Bxe4 Rxe4 18. Ne2 Rae8 19. Ng3 Rh4 20. Rd1 d4 21. exd4 cxd4 22. Bd2 d3 23. Qxd3 Qxf2+ 24. Kh1 Bc6 25. Rg1 Rd8 26. Qc3 Qxd2 27. Qxc6 Bxg1 28. Rxg1 Qxb2 29. Nf5 Rb4 30. Qc7 Rbb8 31. Re1 Qf2 32. Ne7+ Kh8 33. Rg1 Re8 34. Nc6 Rbc8 35. Qd7 a6 36. h3 Qc5 37. Na7 Rcd8 38. Qxf7 Re7 0-1

[Event "*** SCC Grand Prix: Titled Tuesday Blitz"]
[Site "Chess.com"]
[Date "2020.07.21"]
[Round "6"]
[White "vova-79"]
[Black "BeanScreen"]
[Result "0-1"]
[WhiteElo "2496"]
[BlackElo "2696"]
[TimeControl "180+1"]
[EndTime "11:07:02 PDT"]
[Termination "BeanScreen won on time"]

1. d4 d5 2. c4 dxc4 3. e3 e5 4.
Bxc4 exd4 5. exd4 Bd6 6. Nf3 Nf6 7. O-O O-O 8. Nc3 Nc6 9. h3 h6 10. Re1 Bf5 11. Ne5 Bxe5 12. dxe5 Qxd1 13. Nxd1 Nd7 14. f4 Nb6 15. Bf1 Nd4 16. Ne3 Be6 17. Bd2 Rad8 18.
Bc3 c5 19. b3 Rd7 20. Rad1 Rfd8 21. Kf2 Nc8 22. g4 g6 23. Bc4 Ne7 24. Bxe6 fxe6 25. Nc4 Rf8 26. Re4 Nec6 27. Kg2 Rd5 28. Ne3 Rdd8 29. Nc4 Nb5 30. Rxd8 Rxd8 31. Be1 Rd1 32.
Bf2 Ncd4 33. Nd6 Nc3 34. Re1 Rd2 35. Nxb7 Nd1 36. Rxd1 Rxd1 37. Nxc5 Rd2 38. Kf1 Kf7 39. Be3 Rd1+ 40. Kf2 Nc2 41. Ke2 Re1+ 42. Kd2 Rxe3 43.
Kxc2 Rxh3 44. Ne4 Rh4 45. Nf6 Rh2+ 46. Kc3 Rxa2 47. Ne4 Rg2 48. Nf6 Rf2 0-1

[Event "*** SCC Grand Prix: Titled Tuesday Blitz"]
[Site "Chess.com"]
[Date "2020.07.21"]
[Round "6"]
[White "Karacsonyi_Gellert"]
[Black "DenisQ"]
[Result "0-1"]
[WhiteElo "2455"]
[BlackElo "2631"]
[TimeControl "180+1"]
[EndTime "11:07:03 PDT"]
[Termination "DenisQ won on time"]

1. e4 c6 2. Nc3 d5 3. Nf3 Bg4 4. h3 Bh5 5. g4 dxe4 6. Nxe4 Bg6 7. Ng3 Nf6 8. d4 e6 9. c3 Bd6 10. Bg5 Nbd7 11. h4 h6 12. h5 Bh7 13.
Bh4 Qb6 14. Qd2 Nxg4 15. Bh3 Ngf6 16. O-O O-O 17. Kh1 Ne4 18. Qe2 Ndf6 19. Bxf6 Nxf6 20. Rg1 c5 21. Rg2 cxd4 22. Nxd4 Rad8 23. Rag1 Kh8 24. Nf1 Rg8 25. Ne3 Qc5 26. Bxe6 fxe6 27. Nxe6 Qxh5+ 28.
Qxh5 Nxh5 29. Nxd8 Rxd8 30. f3 Bc5 31. Re1 Nf4 32.
Rg4 g5 33. Ng2 Nd3 34. Re2 Nf2+ 35. Rxf2 Bxf2 36. Kh2 Rd2 37. Rb4 b6 38. Rc4 Bd3 39. Rc8+ Kg7 40. Rc7+ Kg6 41. Rc6+ Kh5 42. Rc8 Bf1 43.
Kh3 Bh4 44. Kh2 Rxg2+ 45. Kh1 Bf2 46. a4 Bg3 0-1

[Event "*** SCC Grand Prix: Titled Tuesday Blitz"]
[Site "Chess.com"]
[Date "2020.07.21"]
[Round "6"]
[White "Anton_Demchenko"]
[Black "Gorin_Leonid"]
[Result "1-0"]
[WhiteElo "2827"]
[BlackElo "2582"]
[TimeControl "180+1"]
[EndTime "11:07:05 PDT"]
[Termination "Anton_Demchenko won on time"]

1. e4 e5 2. Nf3 Nc6 3. Bc4 Bc5 4. d3 Nf6 5. Bg5 d6 6. Nbd2 h6 7. Bh4 a6 8. c3 Ba7 9. a4 Qe7 10. O-O Be6 11. b4 O-O 12. Rb1 Kh7 13. Re1 Rg8 14.
b5 axb5 15. axb5 Nb8 16. d4 Nbd7 17. Qc2 Bxc4 18. Nxc4 Qe6 19. Ne3 exd4 20. e5+ g6 21.
cxd4 dxe5 22. dxe5 Nh5 23. Qxc7 Rgc8 24. Qxb7 Bxe3 25. fxe3 Rab8 26. Qe4 Rc4 27. Qd3 Rc5 28. Nd4 Qd5 29. e6 fxe6 30. Rf1 Rf8 31. Rxf8 Nxf8 32.
Qf1 Kg8 33. b6 Rc8 34. g4 Ng7 35. Bg3 Qe4 36. b7 Qxe3+ 37. Bf2 Qe4 38. bxc8=Q Qxg4+ 39. Qg2 1-0

[Event "*** SCC Grand Prix: Titled Tuesday Blitz"]
[Site "Chess.com"]
[Date "2020.07.21"]
[Round "6"]
[White "JesseKraai"]
[Black "kirillshevchenko"]
[Result "0-1"]
[WhiteElo "2518"]
[BlackElo "2903"]
[TimeControl "180+1"]
[EndTime "11:07:05 PDT"]
[Termination "kirillshevchenko won on time"]

1. Nf3 Nf6 2. c4 g6 3. Nc3 Bg7 4. e4 d6 5. d4 O-O 6. Be2 e5 7. d5 a5 8. Bg5 Na6 9. Nd2 h6 10. Be3 Nd7 11. O-O Ndc5 12. b3 f5 13. f3 f4 14. Bf2 Nb4 15. Qb1 b6 16. a3 Nba6 17. b4 Nb7 18. Nb5 Bd7 19. Nb3 axb4 20. axb4 Nxb4 21.
Rxa8 Qxa8 22. Nxc7 Qa3 23. Bxb6 Ba4 24. Na5 Nc5 25.
Bd1 Bxd1 26. Rxd1 Qe3+ 27. Kh1 Nbd3 28. Rxd3 Qxd3 29. Qxd3 Nxd3 30. Nc6 Bf6 31. g3 g5 32. Kg2 g4 33. fxg4 Bg5 34. h4 f3+ 35. Kf1 Bd2 36. Ne7+ Kh7 37. Nc6 Bc3 38. Nb5 Ra8 39. Ba7 Bd2 40.
Nxd6 Be3 41. Nf5 Bxa7 0-1

[Event "*** SCC Grand Prix: Titled Tuesday Blitz"]
[Site "Chess.com"]
[Date "2020.07.21"]
[Round "6"]
[White "HElissalt"]
[Black "ajian"]
[Result "0-1"]
[WhiteElo "2269"]
[BlackElo "2424"]
[TimeControl "180+1"]
[EndTime "11:07:05 PDT"]
[Termination "ajian won by resignation"]

1. c4 Nf6 2. Nc3 c5 3. g3 e6 4.
Nf3 b6 5. Bg2 Bb7 6. O-O Be7 7. d4 cxd4 8. Qxd4 d6 9. Rd1 a6 10.
Bg5 Nbd7 11. e4 Qc7 12. Rac1 O-O 13. b3 Rfd8 14. h3 h6 15. Bxf6 Nxf6 16. Qe3 Nd7 17.
h4 Bf6 18. Ne2 Nc5 19. Nfd4 Qe7 20. f4 e5 21. Nf5 Qf8 22. fxe5 dxe5 23. Nc3 Kh7 24.
Qe2 g6 25. Ne3 Ne6 26. Ncd5 Be7 27. Nxe7 Qxe7 28. Nd5 Bxd5 29. exd5 Nd4 30. Rxd4 Qc5 31.
Qf2 Qxd4 32. Qxd4 exd4 33. Rd1 Re8 34. Rxd4 Re2 35. d6 Rd8 36. d7 Kg7 37. Bc6 Kf6 38. Kf1 Re3 39. Kf2 Re6 40. b4 Rxc6 0-1

[Event "*** SCC Grand Prix: Titled Tuesday Blitz"]
[Site "Chess.com"]
[Date "2020.07.21"]
[Round "6"]
[White "aNaartjieZA"]
[Black "olksuna"]
[Result "1/2-1/2"]
[WhiteElo "2459"]
[BlackElo "2622"]
[TimeControl "180+1"]
[EndTime "11:07:06 PDT"]
[Termination "Game drawn by repetition"]

1. e4 d6 2. Nf3 Nf6 3. d3 c5 4. g3 Nc6 5. Bg2 g6 6. O-O Bg7 7. Re1 O-O 8. c3 e5 9. a3 b6 10. b4 h6 11. Nbd2 Be6 12. Bb2 Qd7 13. b5 Na5 14. a4 Rac8 15. d4 cxd4 16. cxd4 exd4 17. Bxd4 Rfe8 18. Qb1 Nc4 19. Nxc4 Bxc4 20. Qb2 Nh5 21. Bxg7 Nxg7 22. Rad1 Qe6 23. Nd4 Qf6 24. Qb4 d5 25. Nc6 a5 26. Qa3 dxe4 27. Rxe4 Be6 28. Rf4 Nf5 29.
g4 Qg5 30. gxf5 Qxf4 31. fxe6 Rxe6 32. Ne7+ Rxe7 33. Qxe7 Qxa4 34. Rd8+ Rxd8 35. Qxd8+ Kg7 36. Qd5 Qa1+ 37. Bf1 a4 38. Kg2 a3 39. Bc4 Qf6 40.
Kg3 h5 41. f4 Qc3+ 42. Kg2 Qb2+ 43. Kg3 Qc3+ 44. Kg2 Qb2+ 45. Kh3 Qc3+ 46. Kh4 Qf6+ 47.
Kg3 Qc3+ 1/2-1/2

[Event "*** SCC Grand Prix: Titled Tuesday Blitz"]
[Site "Chess.com"]
[Date "2020.07.21"]
[Round "6"]
[White "CrushingKings"]
[Black "warmoatmeal"]
[Result "1-0"]
[WhiteElo "2526"]
[BlackElo "2355"]
[TimeControl "180+1"]
[EndTime "11:07:06 PDT"]
[Termination "CrushingKings won by checkmate"]

1. e4 c6 2. Nf3 d5 3. Nc3 g6 4. d4 Bg7 5. h3 dxe4 6. Nxe4 Nf6 7. Nxf6+ exf6 8. Be3 O-O 9. Qd2 a5 10. Bh6 f5 11. O-O-O Nd7 12. h4 Nf6 13. Bd3 Be6 14. Kb1 b5 15. h5 Qd5 16. b3 a4 17. Bxg7 Kxg7 18. hxg6 fxg6 19. Qh6+ Kg8 20. Rde1 axb3 21.
axb3 Ra3 22. Re5 Rxb3+ 23. Kc1 Qd6 24. cxb3 Ra8 25. Kd1 Bxb3+ 26. Ke2 Ra2+ 27. Kf1 Ra1+ 28. Re1 Ra2 29. Qe3 Bf7 30. Ne5 Bd5 31. f3 Qb4 32.
Kg1 f4 33. Qc1 Qb3 34. Kh2 Rb2 35. Qxf4 Ra2 36. Qxf6 Ra7 37. Nxg6 hxg6 38. Re8+ Kh7 39. Rh8# 1-0

[Event "*** SCC Grand Prix: Titled Tuesday Blitz"]
[Site "Chess.com"]
[Date "2020.07.21"]
[Round "6"]
[White "reutik"]
[Black "WildTricks"]
[Result "0-1"]
[WhiteElo "2318"]
[BlackElo "2502"]
[TimeControl "180+1"]
[EndTime "11:07:06 PDT"]
[Termination "WildTricks won on time"]

1. d4 Nf6 2. c4 e6 3. Nf3 a6 4. Nc3 d5 5. c5 Ne4 6. e3 Nxc3 7.
bxc3 b6 8. cxb6 cxb6 9. c4 dxc4 10.
Bxc4 Bb7 11. O-O Nd7 12. a4 Bd6 13. Ba3 Bxa3 14. Rxa3 O-O 15. Qe2 Qc7 16. Bd3 Rfc8 17. h3 Nf6 18. Rb3 Bd5 19. Rb4 Bxf3 20. gxf3 Nd5 21.
Rb3 a5 22. Be4 Rab8 23. Bxd5 exd5 24. Rfb1 Qd7 25. Kg2 Rc6 26. Rb5 Rg6+ 27. Kh2 Re8 28. f4 Rh6 29. Qf3 Ree6 30. Rxd5 Qe7 31. Rc1 g6 32. Rc8+ Kg7 33. Rdd8 Rh4 34. f5 Rf6 35. Qg3 Rh5 36. Rh8 Rfxf5 0-1

[Event "*** SCC Grand Prix: Titled Tuesday Blitz"]
[Site "Chess.com"]
[Date "2020.07.21"]
[Round "6"]
[White "FMalexhdez"]
[Black "Azoulas1"]
[Result "1-0"]
[WhiteElo "2134"]
[BlackElo "2012"]
[TimeControl "180+1"]
[EndTime "11:07:06 PDT"]
[Termination "FMalexhdez won by resignation"]

1. e4 c5 2. Nf3 e6 3. d4 cxd4 4. Nxd4 Nf6 5. Nc3 d6 6. h3 Be7 7. g4 a6 8. Bg2 Nfd7 9. O-O Qc7 10.
f4 Nc6 11. Be3 b5 12. e5 Bb7 13. Ndxb5 axb5 14. Nxb5 Qc8 15. Nxd6+ Bxd6 16. Qxd6 Nd8 17.
Rfd1 Bxg2 18. Kxg2 Qxc2+ 19. Rd2 Qe4+ 20. Kf2 Qc6 21.
Rad1 Rxa2 22. Qxd7+ Qxd7 23. Rxd7 Rxb2+ 24. Kf3 Nb7 25. Rc7 O-O 26. Rdd7 Na5 27. Bc5 Rfb8 28. Rxf7 R2b3+ 29. Be3 Nc4 30. Rxg7+ Kh8 31. Rxh7+ Kg8 32. Rxc4 Kxh7 33. f5 exf5 34. gxf5 Rf8 35. Ke4 Kg7 36. e6 Re8 37. Rc7+ Kg8 38. h4 Rb4+ 39. Bd4 Rd8 40. Rd7 Rxd7 41. exd7 Rb8 42. Bb6 Rf8 43. d8=Q Kf7 44.
Qd7+ 1-0

[Event "*** SCC Grand Prix: Titled Tuesday Blitz"]
[Site "Chess.com"]
[Date "2020.07.21"]
[Round "6"]
[White "keepitcool9499"]
[Black "Alopekos"]
[Result "1-0"]
[WhiteElo "2572"]
[BlackElo "2365"]
[TimeControl "180+1"]
[EndTime "11:07:07 PDT"]
[Termination "keepitcool9499 won on time"]

1. d4 Nf6 2. c4 e6 3. Nc3 d5 4. Nf3 c6 5. e3 Nbd7 6. Bd3 dxc4 7. Bxc4 b5 8. Be2 Bb7 9. O-O a6 10. e4 c5 11. e5 Nd5 12. Nxd5 Bxd5 13. Be3 cxd4 14.
Qxd4 Bc5 15. Qg4 g6 16. Bh6 Bf8 17. Bxf8 Kxf8 18. Qf4 Kg7 19. a4 bxa4 20. Rxa4 a5 21. Bb5 Nc5 22. Ra3 Rb8 23. Nd4 Nb3 24. Rxb3 Bxb3 25.
Nc6 Qd5 26. Qf6+ Kh6 27. Nxb8 Rxb8 28. Be2 Bc4 29. Qf4+ g5 30. Qxc4 Qxc4 31. Bxc4 Rxb2 32. Ra1 Rc2 33. Bf1 Rc5 34. g3 Rxe5 35. Ra4 Kg6 36. Bd3+ f5 37. Kg2 Rc5 38. h3 Kf6 39. h4 h6 40.
hxg5+ hxg5 41. Be2 Ke5 42. Bf3 g4 43. Be2 Kd6 44. Rd4+ Ke5 45. Rd8 Rc2 46. Bf1 Rc5 47. Rb8 Rc3 48. Rb5+ Kd4 49. Rxa5 e5 50. Ra4+ Kd5 51.
Ra2 1-0

[Event "*** SCC Grand Prix: Titled Tuesday Blitz"]
[Site "Chess.com"]
[Date "2020.07.21"]
[Round "6"]
[White "Morshynska"]
[Black "jacky72"]
[Result "0-1"]
[WhiteElo "2168"]
[BlackElo "2622"]
[TimeControl "180+1"]
[EndTime "11:07:07 PDT"]
[Termination "jacky72 won on time"]

1. e4 e5 2. Nf3 Nc6 3. d4 exd4 4. Nxd4 Nf6 5. Nxc6 bxc6 6. Bd3 d5 7. exd5 cxd5 8.
O-O Be7 9. Re1 O-O 10. b3 Re8 11. Bb2 c6 12. Nd2 Bg4 13. f3 Qb6+ 14. Kh1 Bh5 15. Nf1 Bg6 16. Ng3 Nh5 17. Nxh5 Bxh5 18. Qd2 Bg6 19.
Re2 Bb4 20. c3 Rxe2 21. Qxe2 Bd6 22. Re1 Qc7 23. g3 Bxd3 24. Qxd3 Qd7 25. Qe2 h6 26.
Kg2 a5 27. c4 a4 28. cxd5 cxd5 29. Qd3 axb3 30. axb3 Qb7 31. Qd4 Bf8 32. Qd3 Rb8 33. Be5 Qxb3 34. Rd1 Qxd3 35. Rxd3 Rd8 36. f4 f6 37. Bc3 Kf7 38. f5 Bc5 39. Kf3 d4 40. Be1 g6 41. fxg6+ Kxg6 42. Bf2 f5 43. h3 Kg5 44.
h4+ Kf6 45. g4 fxg4+ 46. Kxg4 Ke5 47. Kf3 Rf8+ 48. Ke2 Ke4 49. Bg3 Ra8 0-1

[Event "*** SCC Grand Prix: Titled Tuesday Blitz"]
[Site "Chess.com"]
[Date "2020.07.21"]
[Round "6"]
[White "GMHess"]
[Black "IwkooO"]
[Result "0-1"]
[WhiteElo "2770"]
[BlackElo "2635"]
[TimeControl "180+1"]
[EndTime "11:07:08 PDT"]
[Termination "IwkooO won by resignation"]

1. b3 Nf6 2. Bb2 g6 3. e3 Bg7 4. d3 O-O 5. Nd2 d5 6. Ne2 c5 7.
h3 Nc6 8. g4 e5 9. Bg2 b6 10. Ng3 Bb7 11. Qe2 d4 12. e4 Ne8 13.
O-O-O Nc7 14. Rdg1 Ne6 15. Bf3 b5 16. h4 a5 17. g5 Ba6 18. Nf5 Nf4 19. Qf1 c4 20.
dxc4 bxc4 21. Nxc4 Rc8 22. Nxg7 Kxg7 23. Kb1 Nb4 24.
Bd1 Bxc4 25. bxc4 Qb6 26. Rg3 Rb8 27. c5 Qxc5 28. a3 Nc6 29. h5 a4 30. Qa6 d3 31.
Qxa4 Qc3 32. Qb3 Rxb3 33. cxb3 Qc5 34. Bg4 Rd8 35. Rc1 Qb5 36. a4 Qb6 37. Rgg1 Nd4 38.
Rc3 Nde2 39. Bxe2 Nxe2 40. Rc4 Nxg1 41. Bxe5+ Kg8 42. Ka2 d2 43. Bc7 Qxc7 44. Rxc7 d1=Q 0-1